 Dungeon Crawl Stone Soup version 0.30.0-30-g96aa6591b8 (webtiles) character file.

Game seed: 396786655787630192

24 Peloso the Trooper (level 2, 27/27 HPs)
             Began as a Minotaur Fighter on June 26, 2023.
             Got out of the dungeon alive.
             The game lasted 00:01:54 (927 turns).

Peloso the Trooper (Minotaur Fighter)                Turns: 927, Time: 00:01:55

Health: 27/27      AC:  7    Str: 20    XL:     2   Next: 79%
Magic:  1/1        EV:  9    Int:  5    God:
Gold:   18         SH:  4    Dex:  9    Spells: 1/1 levels left

rFire   + . .        a - +0 long sword
rCold   . . .        c - +0 buckler
rNeg    . . .        b - +0 scale mail
rPois   .            (helmet restricted)
rElec   .            (no cloak)
rCorr   .            (no gloves)
SInv    .            (no boots)
Will    .....        (no amulet) Stlth
                     (no ring)
HPRegen 0.24/turn    (no ring)
MPRegen 0.07/turn

%: no passive effects
@: no status effects
A: horns 2, retaliatory headbutt, fire resistance 1, sense surroundings 1,
subdued magic 1
a: no special abilities


You escaped.
You visited 1 branch of the dungeon, and saw 1 of its levels.

You collected 18 gold pieces.

Inventory:

Hand Weapons
 a - a +0 long sword (weapon)
Missiles
 f - a throwing net (quivered)
Armour
 b - a +0 scale mail (worn)
 c - a +0 buckler (worn)
Potions
 d - a potion of might


   Skills:
 + Level 4.0 Fighting
 + Level 2.9 Long Blades
 + Level 4.0 Armour
 + Level 4.0 Shields


You had one spell level left.
You didn't know any spells.
Your spell library contained the following spells:

 Spells                   Type           Power      Damage    Failure   Level
 Frozen Ramparts          Ice            0%         1d1       99%         3
 Ice Form                 Ice/Tmut       0%         N/A       100%        4
 Summon Ice Beast         Ice/Summ       0%         N/A       100%        4


Dungeon Overview and Level Annotations

Branches:
Dungeon (1/15)

Altars:


Innate Abilities, Weirdness & Mutations

You have a pair of horns on your head.
You reflexively headbutt those who attack you in melee.
Your flesh is heat resistant. (rF+)
You passively map a small area around you.
Your spells are a little easier to cast, but a little less powerful.


Message History

The jackal barely misses you.
You closely miss the jackal. You headbutt the jackal.
The jackal is moderately wounded.
You block the jackal's attack. The jackal barely misses you.
You slash the jackal!
You kill the jackal!
The jackal bites you.
You closely miss the jackal. Your headbutt misses the jackal.
The jackal completely misses you. The jackal closely misses you.
You closely miss the jackal. You block the jackal's attack.
The jackal barely misses you.
You hit the jackal.
You kill the jackal!
You see here a jackal corpse.
You see here a +0 scale mail.
You now have 18 gold pieces (gained 11).
There is a stone staircase leading down here.
You see here a +0 hand axe.
There is an escape hatch in the floor here.
Done exploring.
Done exploring.
Done exploring.
Done exploring.
Done exploring.
As you read the scroll labelled HOSINL QOBOOTT, it crumbles to dust.
You feel strangely unstable.
It was a scroll of teleportation.
As you read the scroll labelled TOUBLY AFUO, it crumbles to dust.
It is a scroll of identify.
You don't currently have any unidentified items.
(D) Dungeon
Where to? (? - help)
What level of the Dungeon? (default 1, ? - help)
Your surroundings suddenly seem different.
(D) Dungeon
Where to? (Enter - D:1 @ (x,y), ? - help)
You see here a +0 club.
There is a large open door here.
There is a staircase leading out of the dungeon here.
Are you sure you want to leave the Dungeon?
This will make you lose the game!
You have escaped!

###..#.# #.##.####.##
#P#.#. PP#..#.#
#.........# #P#.#.
###....############.#####
#.#.#P ..............#
#.# #.#.#.
........#####.# #.#
####.## .......## #.#
#.#######.##.# ###...##
#.# #......##.##.#
.P#..##
#############.##.#..##
###.## #####8...@..8#
#......... #.#
#...#§......≈# ####.#####
#.# #.###≈......≈# #.#
#.# #.# #≈......≈# #.#
#.# #.# #≈..88..§# #.#
#.# #.# #≈......≈# #.#
###># #.###≈......≈# #.#
## ....####...#≈......≈#
#.# #.
........(..#8......8# #.#
#.


There were no monsters in sight!

Vanquished Creatures
  A dart slug (D:1)
  2 ball pythons (D:1)
  2 bats (D:1)
  3 endoplasms (D:1)
  3 giant cockroaches (D:1)
  A goblin (D:1)
  A hobgoblin (D:1)
  3 jackals (D:1)
  A frilled lizard (D:1)
  A rat (D:1)
18 creatures vanquished.

Notes
Turn   | Place    | Note
-------+----------+-------------------------------------------
     0 | D:1      | Peloso the Minotaur Fighter began the quest for the Orb.
     0 | D:1      | Reached XP level 1. HP: 19/19 MP: 0/0
   165 | D:1      | Reached XP level 2. HP: 20/27 MP: 1/1
   433 | D:1      | Gained mutation: Your spells are a little easier to cast,
                  | but a little less powerful. [potion of mutation]
   433 | D:1      | Gained mutation: You passively map a small area around you.
                  | [potion of mutation]
   433 | D:1      | Gained mutation: Your flesh is heat resistant. (rF+)
                  | [potion of mutation]
   927 | D:$      | Got out of the dungeon alive.

Illustrated notes

Levels and vault maps discovered:
D:1:      lightli_arrival_noodles, layout_loops_ring, serial_aquarium,
          aquarium_bridge_square [aquarium_subvault_bridge,
          aquarium_subvault_window, aquarium_subvault_wall,
          aquarium_subvault_wall], aquarium_window_2,
          aquarium_window_corridor_2, aquarium_window_double, aquarium_view_2f,
          aquarium_balcony_3b

Skill      XL: |  1  2 |
---------------+-------+-----
Fighting       | 4 |  4.0
Shields        | 4 |  4.0
Armour         | 4 |  4.0
Long Blades    | |  2.9

Action                     || total
---------------------------++-------
  Melee: Long sword        ||    45
         Headbutt          ||     6
    Use: Potion            ||     3
         Scroll            ||     2
 Armour: Scale mail        ||    17
  Dodge: Dodged            ||    24
  Block: Buckler           ||     9
